[Event "Team 45 45 League T32"]
[Site "Internet Chess Club"]
[Date "2007.02.02"]
[Round "3"]
[White "luar1609"]
[Black "Vael"]
[Result "0-1"]
[WhiteElo "1911"]
[BlackElo "1894"]
[ECO "B41"]
[TimeControl "2700+45"]

1. e4 c5 2. Nf3 e6 3. d4 cxd4 4. Nxd4 Nf6 5. Nc3 Nc6 6. Ndb5 a6 7. Nd6+ Bxd6 8.
Qxd6 Qe7 9. Bf4 b5 10. f3 Nh5 11. Qxe7+ Kxe7 12. Be3 d6 13. O-O-O Bb7 14. Be2
Rac8 15. f4 Nf6 16. Bf3 Na5 17. g4 b4 18. g5 bxc3 19. gxf6+ gxf6 20. b3 f5 21.
Rhe1 fxe4 22. Bh1 d5 23. Bb6 Nc6 24. Bc5+ Kf6 25. b4 Rhg8 26. Re3 Rg4 27. Rxc3
Rxf4 28. a4 Rf5 29. Rh3 h5 30. b5 axb5 31. axb5 Na5 32. Bb4 Nc4 33. Be1 Ra8 34.
Bh4+ Kg6 35. Rg1+ Kh7 36. Kb1 Ra3 37. Bg3 Rc3 38. Rh4 d4 39. Be1 Rxb5+ 40. Kc1
Ra3 41. Kd1 Ra1+ 42. Ke2 d3+ 43. cxd3 Rb2+ {White resigns} 0-1

[Event "Team 45 45 League T32"]
[Site "Internet Chess Club"]
[Date "2007.02.05"]
[Round "3"]
[White "Malcolm"]
[Black "Ultrajet"]
[Result "1/2-1/2"]
[WhiteElo "1856"]
[BlackElo "1804"]
[ECO "A00"]
[TimeControl "2700+45"]

1. Nc3 g6 2. h4 Bg7 3. h5 d5 4. e4 dxe4 5. Nxe4 Nf6 6. h6 Bf8 7. Nxf6+ exf6 8.
d4 Nc6 9. Bb5 Bd7 10. Be3 a6 11. Ba4 Bd6 12. c3 O-O 13. Nf3 Re8 14. Bc2 Bf4 15.
Kd2 Bxe3+ 16. fxe3 Na5 17. b3 c5 18. Qg1 Rc8 19. a4 cxd4 20. Nxd4 Qc7 21. c4
Nxc4+ 22. bxc4 Qxc4 23. Rh4 Qc3+ 24. Ke2 g5 25. Re4 Rxe4 26. Bxe4 Bg4+ 27. Kf2
Re8 28. Qc1 Qb4 29. Rb1 Qxa4 30. Bxb7 Qa5 31. Qb2 Qe5 32. Qa3 f5 33. Nf3 Qc7 34.
Qb2 Kf8 35. Qg7+ Ke7 36. Qxg5+ Kf8 37. Qg7+ Ke7 38. Qe5+ Qxe5 39. Nxe5 f6 40.
Nc6+ Kd6 41. g3 Rg8 42. Ra1 Kc7 43. Ne7 Re8 44. Nd5+ Kxb7 45. Nxf6 Re7 46. Nxg4
fxg4 47. Ra4 Re6 48. Rxg4 Rxh6 49. e4 Kc6 50. Rg7 a5 {Game drawn by mutual
agreement} 1/2-1/2

[Event "Team 45 45 League T32"]
[Site "Internet Chess Club"]
[Date "2007.02.02"]
[Round "3"]
[White "jorobo"]
[Black "DeepHmm"]
[Result "1/2-1/2"]
[WhiteElo "2207"]
[BlackElo "2236"]
[ECO "E91"]
[TimeControl "2700+45"]

1. c4 Nf6 2. Nc3 g6 3. e4 d6 4. d4 Bg7 5. Be2 O-O 6. Nf3 c5 7. O-O Nc6 8. dxc5
dxc5 9. Be3 b6 10. h3 e5 11. Qxd8 Rxd8 12. Bg5 Rf8 13. Rfe1 h6 14. Bxf6 Bxf6 15.
Nd5 Bg7 16. Bd1 Bb7 17. Ba4 Nd4 18. Nxd4 cxd4 19. Rac1 Rfd8 20. Kf1 Kh7 21. Ke2
f5 22. Bc2 f4 23. b4 Bf8 24. a3 Ba6 25. Bd3 Rac8 26. Rc2 h5 27. Rec1 Bb7 28. f3
Kg7 29. Rg1 h4 30. Ra1 Bc6 31. b5 Bxd5 32. exd5 Kf6 33. Be4 Bd6 34. Kd3 {Game
drawn by mutual agreement} 1/2-1/2

[Event "Team 45 45 League T32"]
[Site "Internet Chess Club"]
[Date "2007.02.10"]
[Round "3"]
[White "achessman"]
[Black "mala9"]
[Result "0-1"]
[WhiteElo "1984"]
[BlackElo "2131"]
[ECO "B20"]
[TimeControl "2700+45"]

1. e4 c5 2. b3 d6 3. Bb2 Nc6 4. Nc3 Nf6 5. Bb5 Bd7 6. Nf3 e5 7. Bxc6 bxc6 8. O-O
Bg4 9. h3 Bh5 10. Qe2 Qd7 11. Qe3 Be7 12. Ne2 O-O 13. Ng3 Bg6 14. c3 Rfe8 15. d4
exd4 16. cxd4 Bf8 17. dxc5 Nxe4 18. Ne5 Nxg3 19. Nxd7 Rxe3 20. fxe3 Nxf1 21.
Rxf1 Be7 22. cxd6 Bxd6 23. Ne5 Bxe5 24. Bxe5 f6 25. Bd4 a5 26. Rc1 Ra6 27. Kf2
Be4 28. Rc4 Bd3 29. Rc3 Be4 30. Rc4 Bd3 31. Rc3 Be4 32. Bc5 a4 33. bxa4 Rxa4 34.
a3 Kf7 35. Rb3 Rc4 36. Rb4 Rc2+ 37. Kg1 f5 38. Bd6 c5 39. Rb5 c4 40. g4 g6 41.
Bb4 c3 42. Rc5 Rc1+ 43. Kf2 c2 44. Rc7+ Ke6 45. gxf5+ gxf5 46. Bd2 Rh1 47. Rxh7
Rh2+ 48. Ke1 Bd3 49. Bc1 Re2+ 50. Kf1 Rd2+ 51. Ke1 Rd1+ 52. Kf2 Rxc1 {White
resigns} 0-1

[Event "Team 45 45 League T32"]
[Site "Internet Chess Club"]
[Date "2007.02.11"]
[Round "3"]
[White "PrincessChess"]
[Black "Squaredance"]
[Result "0-1"]
[WhiteElo "1817"]
[BlackElo "1980"]
[ECO "B01"]
[TimeControl "2700+45"]

1. e4 d5 2. exd5 Qxd5 3. Nc3 Qa5 4. d4 Nf6 5. Nf3 c6 6. Bd2 Bf5 7. Ne4 Qc7 8.
Nxf6+ gxf6 9. g3 Nd7 10. c4 O-O-O 11. Qb3 Be4 12. Bf4 e5 13. dxe5 fxe5 14. Bd2
Nc5 15. Qe3 f5 16. Be2 Nd3+ 17. Kf1 Bc5 18. Qh6 Nxf2 19. Bg5 Rd6 20. Qh4 Nxh1
21. Nxe5 Qg7 22. Bf4 Re6 23. Nd3 Bxd3 24. Bxd3 Qxb2 {White resigns} 0-1

[Event "Team 45 45 League T32"]
[Site "Internet Chess Club"]
[Date "2007.02.05"]
[Round "3"]
[White "tourettes"]
[Black "RingLord"]
[Result "1/2-1/2"]
[WhiteElo "1823"]
[BlackElo "1704"]
[ECO "B24"]
[TimeControl "2700+45"]

1. e4 c5 2. Nc3 Nc6 3. g3 g6 4. Bg2 Bg7 5. Nge2 d6 6. O-O e6 7. d3 Nge7 8. Be3
Nd4 9. Qd2 O-O 10. Nd1 Rb8 11. c3 Nxe2+ 12. Qxe2 b5 13. f4 b4 14. d4 cxd4 15.
cxd4 Qa5 16. Re1 Ba6 17. Qd2 d5 18. e5 Qb6 19. b3 Rfc8 20. Nb2 Nc6 21. Na4 Qa5
22. Nc5 Rc7 23. Nxa6 Qxa6 24. Rec1 Rbc8 25. Bf1 Qb7 26. Qd3 a5 27. Be2 Na7 28.
Rxc7 Rxc7 29. Rc1 Qc8 30. Rxc7 Qxc7 31. Kf2 Bf8 32. g4 Qc3 33. Qb1 Nc6 34. Qd3
Qxd3 35. Bxd3 Ne7 36. Bc1 Kg7 37. a3 Nc6 38. axb4 Bxb4 39. Bb2 Ne7 40. Bb5 Nc8
41. Ba6 Na7 42. Bd3 h6 43. f5 g5 44. Ba6 Kf8 45. Kf3 Ke7 46. Ke2 {Game drawn by
mutual agreement} 1/2-1/2